 Dungeon Crawl Stone Soup version 0.28.0-53-g5a82cb258f (webtiles) character file.

Game seed: 15285322447829641652

606531 Godmorgon the Conqueror (level 26, -7/266 HPs)
             Began as a Minotaur Fighter on Aug 7, 2022.
             Was the Champion of the Shining One.
             Killed from afar by a black draconian (39 damage)
             ... with a bolt of lightning
             ... led by Tiamat
             ... on level 2 of the Realm of Zot on Aug 8, 2022.
             The game lasted 08:23:42 (74607 turns).

Godmorgon the Conqueror (Minotaur Fighter)         Turns: 74607, Time: 08:23:43

Health: -7/266     AC: 49    Str: 33    XL:     26   Next: 11%
Magic:  38/38      EV: 15    Int:  6    God:    the Shining One [******]
Gold:   7025       SH: 20    Dex: 16    Spells: 25/25 levels left

rFire   + + .      SeeInvis +   b - +7 eveningstar (elec)
rCold   + . .      Faith    .   P - +0 kite shield {AC+3}
rNeg    + + +      Spirit   .   p - +7 gold dragon scales
rPois   +          Reflect  +   t - +2 hood of the Assassin {Detection Stab+ Stlth++}
rElec   .          Harm     .   I - +2 cloak {Will+}
rCorr   .          Rampage  .   T - +3 pair of gauntlets of War {Slay+5}
Will    ++...      Rage     1%  S - +2 pair of boots {Fly}
Stlth   ..........              D - amulet of Luat {Reflect rF+ Str+3 Int-3 Dex+3 SH+5}
HPRegen 0.54/turn               U - +4 ring of slaying
MPRegen 0.26/turn               i - ring of Taiffiw {rPois Int+4 Slay+4 SInv}

@: flying, glowing, studying 2 skills
A: horns 2, retaliatory headbutt, berserk 1, passive freeze
}: 4/15 runes: barnacled, slimy, silver, gossamer
a: Renounce Religion, Divine Shield, Cleansing Flame, Summon Divine Warrior


You were on level 2 of the Realm of Zot.
You worshipped the Shining One.
The Shining One was exalted by your worship.
You visited 13 branches of the dungeon, and saw 55 of its levels.
You visited the Abyss 2 times.
You visited 1 bazaar.
You also visited: Trove.

You collected 9737 gold pieces.
You spent 2712 gold pieces at shops.

Inventory:

Hand Weapons
 a - a +9 sacred scourge of holy wrath
 b - a +7 eveningstar of electrocution (weapon)
 m - the +9 mace of Karma {vorpal, rC+ rCorr Int-5 Dex+4}
   (You found it on level 3 of the Crypt)

   It inflicts extra damage upon your enemies.
   Int:       It affects your intelligence (-5).
   Dex:       It affects your dexterity (+4).
   rC:        It protects you from cold.
   rCorr:     It protects you from acid and corrosion.
 x - the +7 mace of the People {freeze, Fly rElec rCorr Dex-5 Stlth-}
   (You found it on level 3 of the Elven Halls)

   It freezes those it strikes, dealing additional cold damage.
   It can also slow down cold-blooded creatures.
   Dex:       It affects your dexterity (-5).
   rElec:     It insulates you from electricity.
   Fly:       It grants you flight.
   rCorr:     It protects you from acid and corrosion.
   Stlth:     It makes you less stealthy.
Missiles
 c - 7 boomerangs (quivered)
 d - 20 javelins
 e - 12 throwing nets
 k - 9 silver javelins
 A - 4 datura-tipped darts
 C - 18 curare-tipped darts
 J - 23 atropa-tipped darts
 L - 63 poisoned darts
Armour
 h - a +0 cloak of preservation
 p - +7 gold dragon scales (worn)
 t - the +2 hood of the Assassin (worn) {Detection Stab+ Stlth++}
   (You found it on level 2 of the Depths)

   It allows the wearer to sense nearby creatures.
   It allows the wearer to make particularly effective stabbing attacks against
   helpless or unaware enemies with any weapon.
   Stlth:     It makes you much more stealthy.
 I - a +2 cloak of willpower (worn)
 P - a +0 kite shield of protection (worn)
 S - a +2 pair of boots of flying (worn)
 T - the +3 pair of gauntlets of War (worn) {Slay+5}
   (You found it on level 4 of the Spider Nest)

   Slay:      It affects your accuracy & damage with ranged weapons and melee
   (+5).
Jewellery
 i - the ring of Taiffiw (right hand) {rPois Int+4 Slay+4 SInv}
   (You bought it in a shop in a bazaar)

   [ring of slaying]

   Int:       It affects your intelligence (+4).
   Slay:      It affects your accuracy & damage with ranged weapons and melee
   (+4).
   rPois:     It protects you from poison.
   SInv:      It lets you see invisible.
 s - the ring "Tem Zo Ahe" {rPois rC+}
   (You found it on level 5 of the Vaults)

   [ring of poison resistance]

   rC:        It protects you from cold.
   rPois:     It protects you from poison.
 u - a ring of protection from fire
 D - the amulet of Luat (around neck) {Reflect rF+ Str+3 Int-3 Dex+3 SH+5}
   (You found it on level 5 of the Pits of Slime)

   [amulet of reflection]

   It reflects blocked missile attacks.
   Str:       It affects your strength (+3).
   Int:       It affects your intelligence (-3).
   Dex:       It affects your dexterity (+3).
   rF:        It protects you from fire.
   SH:        It affects your SH (+5).
 U - a +4 ring of slaying (left hand)
 X - a ring of protection from cold
Wands
 G - a wand of acid (12)
 M - a wand of digging (28)
Scrolls
 j - 4 scrolls of silence
 r - a scroll of summoning
 v - 9 scrolls of magic mapping
 w - 13 scrolls of teleportation
 B - 5 scrolls of fog
 H - 7 scrolls of fear
 W - 4 scrolls of blinking
Potions
 f - 7 potions of might
 g - 2 potions of magic
 l - a potion of ambrosia
 n - 2 potions of mutation
 z - 26 potions of curing
 E - 7 potions of heal wounds
 F - 2 potions of resistance
 K - 6 potions of cancellation
 Y - 2 potions of haste


   Skills:
 O Level 27 Fighting
 - Level 16.0 Maces & Flails
 - Level 16.0 Throwing
 * Level 22.6 Armour
 + Level 17.6 Dodging
 + Level 19.9 Shields
 + Level 25.9 Invocations


You had 25 spell levels left.
You didn't know any spells.
Your spell library was empty.

Dungeon Overview and Level Annotations

Branches:
Dungeon (15/15)            Temple (1/1) D:6            Lair (6/6) D:11
 Shoals (4/4) Lair:2       Spider (4/4) Lair:2        Slime (5/5) Lair:6
    Orc (2/2) D:11            Elf (3/3) Orc:2        Vaults (5/5) D:14
  Crypt (3/3) Vaults:2       Tomb (0/3) Crypt:3      Depths (4/4) D:15
   Hell (visited)             Dis (0/7) Hell            Geh (0/7) Hell
    Coc (0/7) Hell            Tar (0/7) Hell            Zot (2/5) Depths:4

Altars:
Ashenzari
Cheibriados
Dithmenos
Elyvilon
Fedhas
Gozag
Hepliaklqana
Kikubaaqudgha
Makhleb
Nemelex Xobeh
Okawaru
Qazlal
Ru
Sif Muna
Trog
Uskayaw
Vehumet
Wu Jian
Xom
Yredelemnul
Zin
The Shining One
Jiyva

Shops:
D:9 !   Orc:1 ([   Orc:2 *:[(   Elf:3 :   Depths:4 !([[

Portals:
Hell: Depths:1 Depths:2 Depths:3 Depths:4
Abyss: Depths:2
Pandemonium: Depths:2 Depths:3
Ziggurat: Depths:4

Annotations:
D:10 exclusion: orange crystal statue
Hell exclusion: door
Zot:2 Tiamat


Innate Abilities, Weirdness & Mutations

You have a pair of horns on your head.
You reflexively headbutt those who attack you in melee.
You tend to lose your temper in combat.
A frigid envelope surrounds you and freezes all who hurt you.


Message History

You kill the tentacled monstrosity!
The Shining One accepts your kill.
You feel better.
The storm dragon breathes lightning at you.
The bolt of lightning hits you!!!
Tiamat hits you from afar with a +0 demon trident of pain!
The moth of wrath goads Tiamat on!
Tiamat goes berserk!
The moth of wrath goads the storm dragon on!
The storm dragon goes berserk!
You hear a roar!
The curse toe calls on the powers of darkness!
The black draconian convulses!
The golden dragon convulses!
Tiamat convulses!
Your body is wracked with pain!
The storm dragon convulses!
The white draconian stormcaller convulses!
You hear a roar!
The curse toe calls on the powers of darkness!
The golden dragon convulses!
The black draconian convulses!
The storm dragon convulses!
Tiamat convulses!
Your body is wracked with pain!
The green draconian convulses!
The moth of wrath convulses!
You block Tiamat's attack.
You hear a roar!
Tiamat rages.
You block Tiamat's attack.
The moth of wrath angrily waves its antennae.
Tiamat hits you from afar with a +0 demon trident of pain!!
* * * LOW HITPOINT WARNING * * *
The storm dragon rages.
You hear a roar!
You hear a roar!
You hear a roar!
Tiamat hits you from afar with a +0 demon trident of pain!!
* * * LOW HITPOINT WARNING * * *
Tiamat rages.
You hear a roar!
There is a stone staircase leading up, spattered with blood here.
You block Tiamat's attack.
The black draconian breathes lightning at you.
The bolt of lightning hits Tiamat.
Tiamat completely resists.
The bolt of lightning hits you!!!
You die...

##.... #....)#.....#
##.... #.>.....?..#
#....##### #.?.<.....##
.>..##...# ####).)..##
..[......# #####((...##
..#......# #).......##
.##......####.†.....##^#
z.q......qd...).......#
q#########...yd.@....##
. #....D(.....# .
##.........## .
##...!....### #
######......####
#...#.......#
#.........###
#.........# #.........#


You could see Tiamat (berserk), a storm dragon (berserk), a black draconian
(catching breath), a white draconian stormcaller and a moth of wrath.

Vanquished Creatures
  the Royal Jelly (Slime:5)
  An orb of fire (Zot:1)
  2 juggernauts
  Sojobo (Depths:3)
  Boris (twice) (Vaults:2 Vaults:4)
  A Killer Klown (Zot:1)
  Margery (Vaults:2)
  Saint Roka (Depths:2)
  Frederick (Depths:3)
  A caustic shrike (Depths:1)
  Geryon (Hell)
  Nikola (Shoals:1)
  5 golden dragons
  the Enchantress (Depths:1)
  2 profane servitors (Crypt:3)
  A bone dragon (Depths:4)
  A Tzitzimitl (Depths:2)
  6 tentacled monstrosities
  Rupert (Orc:1)
  The ghost of WiseOSalty the Warrior, an adept DsFi of Qazlal (Elf:1)
  A walking crystal tome (Depths:3)
  A shard shrike skeleton (Crypt:3)
  A tainted leviathan (Hell)
  3 deep elf blademasters
  Jorgrun (D:13)
  11 liches
  7 titans
  2 deep elf master archers (Elf:3)
  13 acid blobs
  4 death cobs
  5 sphinxes
  A kraken (Shoals:4)
  8 tengu reavers
  10 ancient champions
  9 storm dragons
  7 shadow dragons
  Ilsuiw (Shoals:2)
  3 revenants (Crypt:1)
  Donald (Shoals:2)
  Roxanne (Elf:3)
  9 fire giants
  3 draconian knights (Zot:1)
  9 azure jellies
  6 frost giants
  2 draconian monks
  2 iron dragons
  12 rockslimes
  20 vault wardens
  4 emperor scorpions
  2 draconian scorchers (Zot:1)
  A balrug (Depths:3)
  5 ghost moths
  6 draconian shifters
  2 orc warlords
  Louise (Spider:1)
  6 deep elf sorcerers (Elf:3)
  11 ghouls
  7 deep elf elementalists (Elf:3)
  3 curse skulls (Crypt:3)
  A quicksilver ooze (shapeshifter) (Depths:4)
  17 ironbound preservers
  15 stone giants
  7 quicksilver oozes
  2 broodmothers
  A caustic shrike skeleton (Crypt:3)
  5 spriggan defenders
  2 war gargoyles
  11 very ugly things
  8 ironbound thunderhulks
  2 reapers
  3 draconian annihilators
  9 deep elf demonologists
  7 green draconians
  5 putrid mouths
  7 purple draconians
  Azrael (D:13)
  14 vampire knights
  13 deep elf annihilators
  4 white draconians
  5 entropy weavers
  6 black draconians
  8 yellow draconians
  3 dire elephants (Vaults:4)
  4 spark wasps
  4 red draconians
  3 merfolk javelineers
  3 iron golems (Hell)
  Snorg (D:13)
  7 eidola
  A blizzard demon (Depths:1)
  11 deep elf death magi
  A mummy priest (Crypt:1)
  8 ettins
  3 merfolk impalers
  A green death (Depths:1)
  6 deep elf high priests
  12 great orbs of eyes
  10 jiangshi
  5 fire dragons
  15 yaktaur captains
  A caustic shrike simulacrum (Hell)
  Fannar (Lair:1)
  37 vault guards
  2 ogre magi
  A hell beast (Depths:3)
  6 rakshasas
  18 hydras
  7 boulder beetles
  6 ice dragons
  An alligator snapping turtle (Shoals:2)
  10 spriggan air magi
  11 centaur warriors
  3 merfolk avatars
  A jorogumo (Spider:2)
  Erica (Lair:1)
  3 merfolk aquamancers
  30 death yaks
  A radroach (Spider:4)
  11 ironbound frosthearts
  2 satyrs (Shoals:2)
  3 death knights
  The ghost of Barsook the Cleaver, a journeyman GrFi of the Shining One (D:9)
  13 two-headed ogres
  4 tengu warriors
  6 deep troll earth magi
  5 deep troll shamans
  4 orc high priests
  29 dancing weapons
  10 vampire magi
  4 hell hogs
  8 spriggan berserkers
  5 soul eaters
  3 sun demons
  17 hell knights
  Sonja (Lair:1)
  24 deep elf knights
  7 shadow wraiths
  A salamander mystic (Depths:2)
  5 iron trolls
  A sun moth (Spider:4)
  A pharaoh ant (Spider:4)
  43 skeletal warriors
  17 sea snakes
  60 deep trolls
  A steelbarb worm (shapeshifter) (Vaults:5)
  A bunyip zombie (Crypt:1)
  11 ironbound convokers
  3 shadow demons (Depths:2)
  An anaconda zombie (Crypt:3)
  3 steelbarb worms
  11 orb spiders
  A glowing orange brain (shapeshifter) (Depths:1)
  A shadow dragon zombie (Crypt:3)
  8 deep elf archers
  2 glowing orange brains
  2 orb spiders (shapeshifter)
  10 lindwurms
  A bog body (Crypt:2)
  A swamp dragon (shapeshifter) (Vaults:5)
  An obsidian statue (D:12)
  9 wizards
  16 phantasmal warriors
  3 flayed ghosts
  33 harpies
  8 orc knights
  25 deep elf zephyrmancers
  31 deep elf pyromancers
  An iron dragon zombie (D:15)
  A lindwurm (shapeshifter) (D:11)
  14 necromancers
  A shining eye (shapeshifter) (Vaults:5)
  21 wolf spiders
  5 cyclopes
  23 ugly things
  2 orc sorcerers
  11 manticores
  A broodmother zombie (Crypt:2)
  3 salamanders (Depths:2)
  2 shining eyes (Slime:5)
  A cyclops (shapeshifter) (Elf:2)
  2 tengu skeletons
  6 fauns
  7 rust devils
  12 moths of wrath
  11 elephants
  3 eyes of devastation
  An elephant (shapeshifter) (Vaults:5)
  9 black mambas
  5 molten gargoyles
  14 vault sentinels
  8 water nymphs
  3 gargoyles
  10 merfolk sirens
  3 smoke demons (Hell)
  An alligator snapping turtle zombie (Crypt:2)
  16 cane toads
  4 torpor snails
  A yellow draconian zombie (Crypt:1)
  A centaur skeleton (Crypt:1)
  9 demonic crawlers
  3 unseen horrors
  A minotaur zombie (Crypt:1)
  29 yaktaurs
  An iron troll zombie (Crypt:2)
  A naga skeleton (Crypt:3)
  11 komodo dragons
  4 kobold demonologists
  A bunyip simulacrum (Crypt:3)
  A hellion (Depths:1)
  13 freezing wraiths
  An ice devil (Hell)
  2 rime drakes
  2 tengu conjurers
  A white draconian skeleton (Crypt:3)
  A yaktaur skeleton (Vaults:5)
  A red devil (Hell)
  A red draconian skeleton (Crypt:3)
  15 meliai
  2 guardian mummies (Crypt:1)
  31 merfolk
  A queen bee (shapeshifter) (Depths:2)
  A harpy zombie (Crypt:1)
  A tarantella (shapeshifter) (Elf:1)
  15 hornets
  9 trolls
  8 polar bears
  14 tarantellas
  4 wind drakes
  19 blink frogs
  A dream sheep (shapeshifter) (Vaults:2)
  A moth of wrath zombie (Crypt:1)
  114 slime creatures
  15 snapping turtles
  9 dream sheep
  A fire giant simulacrum (Vaults:5)
  2 spriggan skeletons
  A centaur simulacrum (D:13)
  3 vampires
  19 jumping spiders
  4 flying skulls (Crypt:1)
  An ettin skeleton (Vaults:5)
  60 yaks
  16 culicivoras
  A dire elephant simulacrum (Crypt:3)
  5 wraiths
  2 air elementals (Elf:1)
  18 spriggans
  7 fire elementals
  A human (shapeshifter) (Vaults:5)
  2 shadows
  11 water elementals
  2 wyverns
  A black mamba skeleton (Crypt:3)
  6 basilisks
  40 redbacks
  A steam dragon (D:9)
  6 human zombies
  An ogre zombie (Vaults:5)
  2 tengu zombies
  7 wargs
  3 acid dragons
  A hell hound (D:13)
  17 water moccasins
  A water nymph skeleton (Crypt:1)
  A cane toad skeleton (Crypt:1)
  A deep troll skeleton (Crypt:1)
  2 floating eyes
  A demonspawn skeleton (Crypt:2)
  8 black bears
  4 ice beasts (D:13)
  2 two-headed ogre skeletons (Crypt:1)
  29 orc warriors
  5 ogres
  2 merfolk skeletons (Crypt:2)
  2 necrophages
  A sky beast (D:6)
  8 centaurs
  4 boggarts (Lair:6)
  21 wolves
  A blink frog skeleton (Crypt:2)
  A hog skeleton (Crypt:3)
  4 kobold brigands
  3 earth elementals
  A gnoll sergeant (D:9)
  11 bullfrogs
  A cyclops zombie (Crypt:2)
  A palentonga skeleton (Crypt:3)
  A wyvern zombie (D:5)
  A water moccasin zombie (D:5)
  A scorpion (D:7)
  A water moccasin skeleton (D:5)
  A raiju zombie (Crypt:1)
  13 killer bees
  A yak zombie (Crypt:3)
  5 wights (D:7)
  9 electric eels
  4 howler monkeys
  4 lava snakes (D:10)
  5 centaur zombies
  A human simulacrum (Vaults:5)
  3 hounds
  4 jellies
  5 orc priests
  4 human skeletons (Crypt:1)
  An iron imp (Abyss:3)
  4 bullfrog skeletons
  A gnoll shaman (D:7)
  3 iguanas
  13 orc wizards
  2 hell rats (D:11)
  A mummy (Crypt:1)
  Robin (D:3)
  12 gnolls
  7 adders
  2 river rats (D:11)
  2 white imps (D:13)
  An ufetubus (D:7)
  An adder skeleton (D:4)
  2 worms
  2 dart slugs
  40 orcs
  A bat skeleton (Crypt:3)
  4 endoplasms
  A giant cockroach (D:1)
  11 hobgoblins
  18 kobolds
  7 quokkas
  3 training dummies (Orc:1)
  2 ball pythons
  9 bats
  A frilled lizard (D:2)
  A frilled lizard skeleton (Crypt:2)
  13 goblins
  4 rats
2227 creatures vanquished.

Vanquished Creatures (collateral kills)
  A golden dragon (Vaults:5)
  Mlioglotl (Shoals:4)
  An acid blob (Slime:5)
  A shadow dragon (Vaults:5)
  A frost giant (Vaults:5)
  An iron dragon (Depths:3)
  A deep elf sorcerer (Vaults:5)
  A very ugly thing (Vaults:5)
  A deep elf annihilator (Vaults:5)
  A deep elf death mage (Vaults:5)
  A merfolk impaler (Shoals:4)
  An ettin (Vaults:5)
  2 merfolk javelineers (Shoals:4)
  A deep elf high priest (Vaults:5)
  A merfolk avatar (Shoals:4)
  3 harpies (Shoals:4)
  A water nymph (Shoals:4)
  A yaktaur (Vaults:5)
  A tarantella (Spider:2)
  An orc priest (Vaults:5)
  An orc (Vaults:5)
24 creatures vanquished.

Vanquished Creatures (others)
  A quicksilver dragon (Zot:2)
  2 fire giants
  An orb spider (Spider:2)
  A deep elf pyromancer (Elf:1)
  A tarantella (Spider:2)
  37 fungi
  107 plants
  4 withered plants (D:15)
154 creatures vanquished.

Grand Total: 2405 creatures vanquished

Notes
Turn   | Place    | Note
-------+----------+-------------------------------------------
     0 | D:1      | Godmorgon the Minotaur Fighter began the quest for the Orb.
     0 | D:1      | Reached XP level 1. HP: 19/19 MP: 0/0
   118 | D:1      | Found a faded altar of an unknown god.
   235 | D:1      | Reached XP level 2. HP: 27/27 MP: 1/1
   822 | D:2      | Reached skill level 4 in Fighting
   822 | D:2      | Reached XP level 3. HP: 21/33 MP: 2/2
  1108 | D:2      | Reached skill level 1 in Throwing
  1308 | D:2      | Reached XP level 4. HP: 36/40 MP: 3/3
  1375 | D:2      | Identified the +7 plate armour of Negligence {-Tele Will+++
                  | Regen+}
  1856 | D:3      | Reached XP level 5. HP: 47/47 MP: 4/4
  1887 | D:3      | Identified the +6 chain mail of Gravitas {SInv}
  1894 | D:3      | Noticed Robin
  1919 | D:3      | Killed Robin
  2314 | D:4      | Noticed a black bear
  2321 | D:4      | Killed a black bear
  2322 | D:4      | Reached skill level 5 in Maces & Flails
  2322 | D:4      | Reached XP level 6. HP: 53/53 MP: 5/5
  2379 | D:4      | Noticed a yak
  2390 | D:4      | Killed a yak
  2391 | D:4      | Reached skill level 5 in Fighting
  2391 | D:4      | Reached skill level 5 in Armour
  2391 | D:4      | Reached skill level 5 in Shields
  2635 | D:4      | Reached XP level 7. HP: 57/61 MP: 6/6
  2881 | D:5      | Entered Level 5 of the Dungeon
  3294 | D:5      | Reached XP level 8. HP: 70/70 MP: 7/7
  3444 | D:5      | Reached skill level 6 in Fighting
  4062 | D:6      | Found a staircase to the Ecumenical Temple.
  4068 | Temple   | Entered the Ecumenical Temple
  4199 | Temple   | Became a worshipper of the Shining One
  4841 | D:7      | Reached skill level 7 in Fighting
  4889 | D:7      | Reached XP level 9. HP: 77/78 MP: 8/8
  4900 | D:7      | Reached skill level 1 in Invocations
  4925 | D:7      | Reached skill level 5 in Throwing
  4941 | D:7      | Reached skill level 10 in Maces & Flails
  5210 | D:7      | Reached * piety under the Shining One
  5622 | D:8      | Noticed a kobold demonologist
  5645 | D:8      | Noticed an ice devil
  5656 | D:7      | Killed a kobold demonologist
  5657 | D:7      | Reached skill level 8 in Fighting
  5763 | D:8      | Found a broken altar of Ashenzari.
  5827 | D:8      | Reached XP level 10. HP: 80/88 MP: 9/11
  6940 | D:9      | Found a runed translucent gate.
  6940 | D:9      | Found a runed translucent gate.
  6944 | D:9      | Found a runed translucent gate.
  6944 | D:9      | Noticed a ten-headed hydra
  6945 | D:9      | Noticed Barsook's ghost (journeyman GrFi)
  6945 | D:9      | Noticed a nine-headed hydra
  7018 | D:9      | Found Segurhio's Distillery.
  7054 | D:9      | Bought a potion of curing for 30 gold pieces
  7054 | D:9      | Bought a potion of lignification for 30 gold pieces
  7054 | D:9      | Bought a potion of cancellation for 80 gold pieces
  7054 | D:9      | Bought a potion of attraction for 30 gold pieces
  7346 | D:9      | Noticed a two-headed ogre
  7379 | D:9      | Killed a two-headed ogre
  7380 | D:9      | Reached skill level 9 in Fighting
  7842 | D:10     | Entered Level 10 of the Dungeon
  7842 | D:10     | Noticed a cyclops
  8143 | D:10     | Reached skill level 5 in Invocations
  8214 | D:10     | Found a snail-covered altar of Cheibriados.
  8249 | D:10     | Noticed an orange crystal statue
  8409 | D:10     | Killed a cyclops
  8410 | D:10     | Reached XP level 11. HP: 80/97 MP: 10/13
  8752 | D:11     | Noticed a boulder beetle
  8752 | D:11     | Reached ** piety under the Shining One
  8786 | D:10     | Killed a boulder beetle
  8871 | D:11     | Noticed a two-headed ogre
  8871 | D:11     | Noticed a two-headed ogre
  8871 | D:11     | Noticed a two-headed ogre
  8871 | D:11     | Noticed a two-headed ogre
  8884 | D:10     | Killed a two-headed ogre
  8903 | D:10     | Killed a two-headed ogre
  8968 | D:11     | Killed a two-headed ogre
  8997 | D:11     | Noticed a two-headed ogre
  8997 | D:11     | Noticed a two-headed ogre
  9013 | D:10     | Killed a two-headed ogre
  9014 | D:10     | Reached skill level 10 in Fighting
  9014 | D:10     | Reached skill level 10 in Armour
  9042 | D:11     | Killed a two-headed ogre
  9057 | D:11     | Noticed an ogre mage
  9060 | D:11     | Noticed a two-headed ogre
  9072 | D:10     | Killed a two-headed ogre
  9136 | D:11     | Killed an ogre mage
  9140 | D:11     | Killed a two-headed ogre
  9163 | D:11     | Noticed a death yak
  9482 | D:11     | Noticed a lindwurm
  9482 | D:11     | a black bear changed into a lindwurm
  9487 | D:11     | Killed a lindwurm
  9577 | D:11     | Found a staircase to the Orcish Mines.
  9592 | D:11     | Reached XP level 12. HP: 107/107 MP: 16/16
  9840 | D:11     | Noticed a death yak
  9845 | D:11     | Noticed a death yak
  9861 | D:11     | Killed a death yak
  9873 | D:11     | Killed a death yak
  9885 | D:11     | Killed a death yak
  9906 | D:11     | Found a staircase to the Lair.
 10285 | Lair:1   | Entered Level 1 of the Lair of Beasts
 10285 | Lair:1   | Noticed Erica
 10294 | Lair:1   | Killed Erica
 10295 | Lair:1   | Reached skill level 11 in Fighting
 10302 | Lair:1   | Noticed a six-headed hydra
 10313 | Lair:1   | Killed a six-headed hydra
 10411 | Lair:1   | Noticed Sonja
 10421 | Lair:1   | Killed Sonja
 10547 | Lair:1   | Identified the +9 rapier of Xecueqeh {flame, Drain Fly
                  | Str-4 Int+9}
 10708 | Lair:1   | Noticed Fannar
 10719 | Lair:1   | Killed Fannar
 11295 | Lair:2   | Found a hole to the Spider Nest.
 11432 | Lair:2   | Noticed an eight-headed hydra
 11449 | Lair:2   | Killed an eight-headed hydra
 11730 | Lair:2   | Found a staircase to the Shoals.
 11776 | Lair:2   | Noticed a seven-headed hydra
 11788 | Lair:2   | Killed a seven-headed hydra
 11789 | Lair:2   | Reached skill level 10 in Invocations
 11789 | Lair:2   | Reached XP level 13. HP: 97/117 MP: 15/19
 11983 | Lair:2   | Reached skill level 12 in Fighting
 13119 | Lair:3   | Reached skill level 13 in Fighting
 13280 | Lair:3   | Reached skill level 10 in Shields
 13700 | Lair:4   | Found the +2 cloak of the Thief {*Fog Slay-2 SInv Stlth+}
 13850 | Lair:3   | Reached skill level 14 in Fighting
 13925 | Lair:3   | Reached XP level 14. HP: 126/132 MP: 16/20
 14568 | Lair:5   | Reached skill level 15 in Fighting
 14568 | Lair:5   | Reached skill level 15 in Armour
 15247 | Lair:5   | Reached skill level 16 in Fighting
 15757 | Lair:6   | Entered Level 6 of the Lair of Beasts
 16076 | Lair:5   | Reached skill level 17 in Fighting
 16338 | Lair:5   | Reached skill level 18 in Fighting
 16667 | Lair:6   | Reached XP level 15. HP: 116/150 MP: 12/21
 16691 | Lair:6   | Reached skill level 1 in Dodging
 16893 | Lair:6   | Found a runed translucent door.
 16893 | Lair:6   | Found a viscous altar of Jiyva.
 16894 | Lair:6   | Found a staircase to the Slime Pits.
 17033 | Lair:6   | Reached *** piety under the Shining One
 17864 | D:12     | Identified the +5 halberd of Defiance {chaos, rPois Will+
                  | Dex-3}
 18389 | D:13     | Noticed Jorgrun
 18493 | D:13     | Killed Jorgrun
 18808 | D:13     | Noticed Snorg
 18846 | D:13     | Killed Snorg
 19429 | D:13     | Noticed Azrael
 19451 | D:13     | Killed Azrael
 19824 | D:14     | Reached skill level 19 in Fighting
 20066 | D:14     | Found a gate to the Vaults.
 20201 | D:14     | Reached **** piety under the Shining One
 20297 | D:14     | Reached skill level 10 in Throwing
 20765 | D:15     | Entered Level 15 of the Dungeon
 20772 | D:15     | Reached skill level 5 in Dodging
 20827 | D:15     | Identified 2 scrolls of acquirement
 20828 | D:15     | Acquired a +1 eveningstar of protection
 20833 | D:15     | Acquired a manual of Shields
 21103 | D:15     | Found a shimmering blue altar of Sif Muna.
 21319 | D:15     | Found a staircase to the Depths.
 21330 | D:15     | Reached ***** piety under the Shining One
 21345 | D:15     | Reached XP level 16. HP: 160/160 MP: 23/23
 21634 | Orc:1    | Entered Level 1 of the Orcish Mines
 21638 | Orc:1    | Found Nas Bofu's Firing Range.
 21675 | Orc:1    | Bought a throwing net for 45 gold pieces
 21675 | Orc:1    | Bought 4 javelins for 48 gold pieces
 21675 | Orc:1    | Bought 2 silver javelins for 72 gold pieces
 22016 | Orc:1    | Found Ligefef's Antique Armour Shoppe.
 22067 | Orc:2    | Entered Level 2 of the Orcish Mines
 22067 | Orc:2    | Found Roimmuet's Antique Weapon Emporium.
 22213 | Orc:2    | Noticed Rupert
 22243 | Orc:1    | Killed Rupert
 22269 | Orc:2    | Found Ruhumyol's Book Shoppe.
 22338 | Orc:2    | Found a staircase to the Elven Halls.
 22482 | Orc:2    | Found Duyrch's Antique Armour Shoppe.
 22731 | Orc:2    | Found Jurphirgh's General Store.
 22759 | Orc:2    | Bought a scroll of identify for 22 gold pieces
 22759 | Orc:2    | Bought a potion of resistance for 110 gold pieces
 23092 | Orc:2    | Bought 5 boomerangs for 27 gold pieces
 23256 | Spider:1 | Entered Level 1 of the Spider Nest
 23954 | Spider:1 | Reached skill level 15 in Maces & Flails
 24155 | Spider:1 | Noticed Louise
 24170 | Spider:1 | Killed Louise
 26647 | Spider:4 | Entered Level 4 of the Spider Nest
 26657 | Spider:4 | Reached ****** piety under the Shining One
 26692 | Spider:3 | Reached XP level 17. HP: 170/170 MP: 24/24
 27865 | Spider:4 | Found the +3 pair of gauntlets of War {Slay+5}
 27895 | Spider:4 | Reached skill level 20 in Fighting
 28426 | Spider:4 | Got a gossamer rune of Zot
 29303 | D:9      | Killed Barsook's ghost
 29323 | D:9      | Identified the +2 scimitar of Mandamus {holy, *Rage rN+
                  | Dex+8}
 29514 | Shoals:1 | Entered Level 1 of the Shoals
 29817 | Shoals:1 | Identified the +1 kite shield "Yvvoriuz" {Drain Int-4 Dex+9
                  | SInv}
 29817 | Shoals:1 | Noticed Donald
 29855 | Shoals:2 | Killed Donald
 30015 | Shoals:1 | Noticed Nikola
 30034 | Shoals:1 | Killed Nikola
 30530 | Shoals:2 | Noticed Ilsuiw
 30645 | Shoals:2 | Killed Ilsuiw
 31470 | Shoals:2 | Reached skill level 15 in Shields
 31527 | Shoals:3 | Reached XP level 18. HP: 45/180 MP: 8/26
 31530 | Shoals:3 | Found a flickering gateway to a bazaar.
 31555 | Bazaar   | Entered a bazaar
 31656 | Bazaar   | Found Lixuv's Assorted Antiques.
 31672 | Bazaar   | Found Avysun's Jewellery Shoppe.
 31672 | Bazaar   | Found Uxenad's General Store.
 31694 | Bazaar   | Found Pyrig's Antique Armour Shoppe.
 31694 | Bazaar   | Found Ygaipt's Distillery.
 31748 | Bazaar   | Bought the ring of Taiffiw {rPois Int+4 Slay+4 SInv} for
                  | 1821 gold pieces
 31764 | Bazaar   | Bought an embroidered hat for 182 gold pieces
 31785 | Bazaar   | Bought a potion of heal wounds for 45 gold pieces
 31799 | Bazaar   | Bought a potion of heal wounds for 55 gold pieces
 32248 | Shoals:3 | Identified the +9 battleaxe "Onianna" {vorpal, rPois MP+9}
 32350 | Shoals:4 | Entered Level 4 of the Shoals
 32593 | Shoals:4 | Noticed Mlioglotl
 32601 | Shoals:4 | Killed Mlioglotl
 32831 | Shoals:4 | Identified the +5 shortbow "Doeckewn" {freeze, Contam
                  | +Blink Fly rN+}
 33097 | Shoals:4 | Got a barnacled rune of Zot
 33897 | Vaults:1 | Entered Level 1 of the Vaults
 34178 | Vaults:1 | Reached skill level 21 in Fighting
 34188 | Vaults:1 | Reached skill level 15 in Throwing
 34698 | Vaults:1 | Noticed a lich
 34707 | Vaults:1 | Killed a lich
 34849 | Vaults:1 | Noticed a lich
 34861 | Vaults:1 | Killed a lich
 35293 | Vaults:1 | Reached XP level 19. HP: 189/189 MP: 26/28
 35410 | Vaults:2 | Noticed Boris
 35433 | Vaults:2 | Killed Boris
 36187 | Vaults:2 | Found a staircase to the Crypt.
 36239 | Vaults:2 | You are sucked into a shaft and drop 2 floors!
 36370 | Vaults:4 | Identified the +0 robe "Tause" {rElec}
 36988 | Vaults:3 | Reached skill level 22 in Fighting
 38358 | Vaults:2 | Noticed Margery
 38381 | Vaults:2 | Killed Margery
 38382 | Vaults:2 | Reached skill level 10 in Dodging
 38382 | Vaults:2 | Reached skill level 15 in Invocations
 38988 | Vaults:2 | Reached XP level 20. HP: 190/202 MP: 30/30
 39079 | Vaults:2 | Reached skill level 23 in Fighting
 40529 | Vaults:3 | Identified the +5 broad axe of Icawol {vorpal, rPois rF+}
 40889 | Vaults:4 | Reached skill level 24 in Fighting
 41148 | Vaults:4 | Noticed Boris
 41162 | Vaults:4 | Killed Boris
 41530 | Vaults:4 | Found a portal to a secret trove of treasure.
 42147 | Vaults:4 | Reached skill level 25 in Fighting
 42615 | Vaults:4 | You paid a toll of 7 potions of haste to enter a treasure
                  | trove
 42616 | Trove    | Entered a treasure trove
 42622 | Trove    | Identified the ring of Umotuf {rElec rN+ AC+4 Dex-3 SInv}
 42624 | Trove    | Identified the ring of Cuxzimu {rCorr Str+2 Int+3}
 42632 | Trove    | Identified the ring of Gedus {rPois AC+4 Int-4 Dex+4}
 42636 | Trove    | Identified the amulet "Jium" {RegenMP Harm Rampage +Blink
                  | rF-}
 42639 | Trove    | Identified the ring "Ritsam" {rPois rC- rN+++ Str+6 Dex+2}
 42641 | Trove    | Identified the ring "Xuxzol" {Will+ EV+4}
 43020 | Depths:1 | Entered Level 1 of the Depths
 44323 | Depths:1 | Found a blossoming altar of Fedhas.
 44531 | Depths:1 | Noticed the Enchantress
 44579 | Depths:1 | Killed the Enchantress
 44580 | Depths:1 | Reached skill level 26 in Fighting
 44585 | Depths:1 | Noticed a juggernaut
 44596 | Depths:1 | Identified the +6 dagger of Linearity {antimagic, *Slow Fly
                  | rF+++ Int-2}
 44598 | Depths:1 | Killed a juggernaut
 45339 | Depths:1 | Reached XP level 21. HP: 178/222 MP: 31/31
 45390 | Depths:1 | HP: 9/222 [tengu reaver/bolt of poison (44)]
 45940 | Depths:1 | Noticed a caustic shrike
 45951 | Depths:1 | Killed a caustic shrike
 46486 | Depths:1 | Found a gateway to Hell.
 46525 | Depths:1 | Found a sacrificial altar of Ru.
 46734 | Depths:1 | Reached skill level 27 in Fighting
 47150 | Depths:2 | Found a one-way gate leading to the halls of Pandemonium.
 47340 | Depths:2 | Noticed Saint Roka
 47368 | Depths:2 | Killed Saint Roka
 47733 | Depths:2 | Found a hide-covered altar of Uskayaw.
 47780 | Depths:2 | Found a one-way gate to the infinite horrors of the Abyss.
 47846 | Depths:2 | Identified the +0 robe of Fuscho {Str+6 Dex-2 SInv}
 48073 | Depths:2 | Found a shadowy altar of Dithmenos.
 48074 | Depths:2 | Found the +2 hood of the Assassin {Detection Stab+ Stlth++}
 48359 | Depths:2 | Identified the +0 cloak "Urie" {+Inv, Int+5}
 48462 | Depths:3 | Identified the +8 quarterstaff of the King {vorpal,
                  | *Corrode rPois rC+ Dex+5}
 48466 | Depths:4 | Entered Level 4 of the Depths
 48856 | Depths:3 | Noticed Sojobo
 48864 | Depths:3 | Paralysed by an air elemental for 1 turns
 48871 | Depths:3 | Killed Sojobo
 49453 | Depths:3 | Found an ornate altar of the Wu Jian Council.
 49464 | Depths:3 | You are sucked into a shaft and drop 1 floor!
 49919 | Depths:3 | Noticed Frederick
 49930 | Depths:3 | Killed Frederick
 50412 | Depths:4 | Found Izonojida's Distillery.
 50415 | Depths:4 | Found Kyor's Antique Armour Shoppe.
 50415 | Depths:4 | Found Pafocemn's Antique Weapon Emporium.
 50419 | Depths:4 | Found Nomeprov's Armour Shoppe.
 50437 | Depths:4 | Bought a potion of heal wounds for 115 gold pieces
 50531 | Depths:4 | Found a one-way gateway to a ziggurat.
 50733 | Depths:4 | Noticed a juggernaut
 50745 | Depths:4 | Killed a juggernaut
 51149 | Depths:4 | Reached XP level 22. HP: 173/233 MP: 33/33
 52176 | Depths:4 | Found a gate to the Realm of Zot.
 52880 | Elf:1    | Entered Level 1 of the Elven Halls
 53561 | Elf:1    | Found a runed translucent door.
 53561 | Elf:1    | Noticed WiseOSalty's ghost (adept DsFi)
 54347 | Elf:1    | Killed WiseOSalty's ghost
 54879 | Elf:2    | Found a runed translucent gate.
 54880 | Elf:2    | Found a runed translucent gate.
 54880 | Elf:2    | Found a runed translucent gate.
 54904 | Elf:2    | Found an ancient bone altar of Kikubaaqudgha.
 55267 | Elf:3    | Entered Level 3 of the Elven Halls
 55652 | Elf:3    | Found Sekaugu's Book Emporium.
 55671 | Elf:3    | Noticed Roxanne
 55986 | Elf:3    | Reached skill level 15 in Dodging
 56006 | Elf:3    | Cast into level 2 of the Abyss (a deep elf demonologist)
 56046 | Elf:3    | Escaped the Abyss
 56051 | Elf:3    | Identified the +9 war axe "Uniub" {vamp, *Slow Fly rC+
                  | rN++}
 56186 | Elf:3    | Cast into level 3 of the Abyss (a deep elf sorcerer)
 56187 | Abyss:3  | Found a corrupted altar of Lugonu.
 56193 | Abyss:3  | Found a corrupted altar of Lugonu.
 56240 | Elf:3    | Escaped the Abyss
 56710 | Elf:3    | Identified the +1 ring mail "Keiros" {Int+3}
 56786 | Elf:3    | Reached XP level 23. HP: 153/240 MP: 35/35
 56982 | Elf:3    | Identified the +4 spear of Luxzy {spect, rC++}
 57103 | Elf:3    | Identified the +7 mace of the People {freeze, Fly rElec
                  | rCorr Dex-5 Stlth-}
 57389 | Elf:3    | Killed Roxanne
 58487 | Vaults:5 | Entered Level 5 of the Vaults
 60209 | Vaults:5 | Paralysed by an orc sorcerer for 5 turns
 60215 | Vaults:5 | Identified the +4 scythe "Oppurgham" {drain, Str+5 Stlth+}
 61391 | Vaults:5 | Identified the +5 scale mail of Gufuef {rCorr Str+4}
 61405 | Vaults:5 | Got a silver rune of Zot
 61496 | Vaults:5 | Identified the ring "Tem Zo Ahe" {rPois rC+}
 61499 | Vaults:5 | Identified the +8 falchion of Emith {speed, rElec rC-
                  | Dex+7}
 61503 | Vaults:5 | Identified the +0 helmet of Cisher {Int+2}
 62589 | Hell     | Entered the Vestibule of Hell
 62589 | Hell     | Noticed Geryon
 62600 | Depths:1 | Reached XP level 24. HP: 245/249 MP: 37/37
 62640 | Hell     | Killed Geryon
 63199 | Hell     | Identified a +6 sacred scourge of holy wrath (a +4 demon
                  | whip of flaming blessed by the Shining One)
 63199 | Hell     | Received a gift from the Shining One
 63269 | Hell     | Found a gateway to the decaying netherworld of Tartarus.
 63484 | Hell     | Found a gateway to the ashen valley of Gehenna.
 63575 | Hell     | Found a gateway to the Iron City of Dis.
 63768 | Hell     | Found a gateway to the freezing wastes of Cocytus.
 64203 | Slime:1  | Entered Level 1 of the Pits of Slime
 65291 | Slime:5  | Entered Level 5 of the Pits of Slime
 65415 | Slime:5  | Paralysed by a great orb of eyes for 7 turns
 65417 | Slime:5  | Noticed the Royal Jelly
 65835 | Slime:5  | Killed the Royal Jelly
 65852 | Slime:5  | Gained mutation: A frigid envelope surrounds you and
                  | freezes all who hurt you. [a shining eye]
 65871 | Slime:5  | Gained mutation: You tend to lose your temper in combat. [a
                  | shining eye]
 66678 | Slime:5  | Identified the amulet "Puoloist" {RegenMP Regen+}
 66685 | Slime:5  | Identified the amulet of Luat {Reflect rF+ Str+3 Int-3
                  | Dex+3 SH+5}
 66719 | Slime:5  | Got a slimy rune of Zot
 66798 | Slime:5  | Identified the +5 spear "Futa" {venom, Will+ rCorr Str+3}
 67112 | Slime:4  | Paralysed by a floating eye for 4 turns
 67778 | Crypt:1  | Entered Level 1 of the Crypt
 68735 | Crypt:1  | Reached XP level 25. HP: 257/257 MP: 38/38
 69456 | Crypt:3  | Entered Level 3 of the Crypt
 70115 | Crypt:3  | Found a basalt altar of Yredelemnul.
 70116 | Crypt:3  | Found an ancient bone altar of Kikubaaqudgha.
 70213 | Crypt:3  | Identified the +9 mace of Karma {vorpal, rC+ rCorr Int-5
                  | Dex+4}
 70430 | Crypt:3  | Found a staircase to the Tomb.
 71232 | Zot:1    | Entered Level 1 of the Realm of Zot
 72832 | Zot:1    | Noticed a Killer Klown
 72882 | Zot:1    | Killed a Killer Klown
 73149 | Zot:1    | Noticed an orb of fire
 73164 | Zot:1    | Killed an orb of fire
 74006 | Zot:1    | Reached XP level 26. HP: 266/266 MP: 38/38
 74584 | Zot:2    | Found the +4 dragonskin cloak
 74584 | Zot:2    | Noticed Tiamat
 74607 | Zot:2    | Killed from afar by a black draconian

Illustrated notes

Levels and vault maps discovered:
D:1:      ncdulo_smallfort, layout_basic, shapermc_ecumenical_altar_notcrosses
D:2:      layout_basic
D:3:      layout_rooms, minivault_27, uniq_robin
D:4:      minmay_chambers_of_twos, layout_basic
D:5:      layout_loops_cross
D:6:      layout_loops_ring, minmay_temple_entry_fiery
D:7:      layout_cave_pods
D:8:      layout_loops_cross, evilmike_ruin_ashenzari, grunt_decor_mini_mirrors,
          hex_medium
D:9:      layout_stronghold, gammafunk_ghost_hydra_chop, serial_shops, shop
D:10:     layout_big_octagon, cheibriados_altar_1, disabler_island
D:11:     layout_roguey, dpeg_lair_monsters, minmay_orc_entry_guard_dogs
D:12:     layout_roguey, minivault_16
D:13:     layout_gridville, serial_ice, serial_ice_m, serial_ice_c,
          serial_ice_n, serial_ice_e, serial_ice_j, serial_ice_o, uniq_snorg,
          uniq_azrael, uniq_jorgrun
D:14:     layout_irregular_city, david_vaults_2, hangedman_abyss_or_decor_passed
D:15:     gammafunk_depths_entry_grave, layout_basic,
          nicolae_sif_muna_condensation
Temple:   mainiacjoe_temple_big_plus
Lair:1:   layout_roguey, minivault_24, uniq_erica, uniq_sonja, uniq_fannar
Lair:2:   layout_gridlike, elwin_shoals_entry_rocks, spider_nest_entry_webs,
          chequers_serial_rivers_small_a, grunt_megastairs_2,
          infiniplex_staircase_pool_2
Lair:3:   layout_cave_pods
Lair:4:   layout_long_grid, grunt_megastairs_3
Lair:5:   layout_layer_cave, serial_bayou_shore_b, infiniplex_staircase_pool,
          grunt_megastairs_5
Lair:6:   minmay_lair_end_enchanted_forest, layout_cave_shapes, slime_altar_2,
          minmay_stone_trees_small
Shoals:1: layout_shoals, uniq_donald, uniq_nikola
Shoals:2: layout_shoals, uniq_ilsuiw
Shoals:3: layout_shoals, serial_shops, bzr_entry_islet
Shoals:4: shoals_end_hangedman, layout_shoals, shoals_ilsuiw_alternative,
          uniq_mlioglotl
Spider:1: layout_spider_delve, uniq_louise
Spider:2: layout_cave_pods, nicolae_spider_moth_buddies
Spider:3: layout_spider_delve
Spider:4: spider_rune_water
Slime:1:  cheibrodos_slime_lost_civilization_10, layout_caves,
          cheibrodos_slime_lost_civilization_6
Slime:2:  layout_caves
Slime:3:  layout_caves
Slime:4:  layout_caves
Slime:5
Orc:1:    layout_diamond_mine, serial_shops, nicolae_shop_window_shopping,
          nicolae_shop_firing_range
Orc:2:    grunt_orc_gardens, layout_diamond_mine, grunt_orc_garden,
          grunt_orc_garden, grunt_orc_garden, grunt_orc_garden,
          nicolae_orc_crystal_geode, uniq_rupert
Elf:1:    minmay_elf_arrival_circle, layout_geoelf_octagon,
          hellmonk_ghost_happy_afterlife, hangedman_elven_crosses_minicolossus
Elf:2:    nicolae_elf_blades_crystal_corner, layout_rooms, basic_altar
Elf:3:    nooodl_elf_gasket, layout_loops_cross, serial_shops, shop_fountains,
          uniq_roxanne
Vaults:1: grunt_vaults_swirl, v_pattern_1, nicolae_vaults_network_quinsquares
          [nicolae_vaults_network_quincunx_subvault,
          nicolae_vaults_network_quincunx_subvault,
          nicolae_vaults_network_quincunx_subvault,
          nicolae_vaults_network_quincunx_subvault], v_rooms_4,
          nicolae_vaults_network_star, ontoclasm_vaults_ligature,
          vaults_room_stairs_pillars, nicolae_vaults_yaktaur_gun_rack,
          nicolae_vaults_little_squares_1, nicolae_vaults_asterisk,
          vaults_room_pool, layout_vaults_ring
Vaults:2: minmay_crypt_entry_simple_walls, vaults_room_corners, st_squares,
          nicolae_vaults_network_barrier, v_misc_32,
          nicolae_vaults_network_periphery, nicolae_vaults_network_square,
          nicolae_vaults_little_squares_6, nicolae_vaults_little_squares_3,
          vaults_room_semicircle, layout_vaults_chaotic_city, uniq_margery,
          uniq_boris
Vaults:3: st_hourglassy, v_misc_8, v_misc_8, vaults_room_ringed_pool, v_misc_12,
          v_misc_14, dpeg_vaults_monster_box, hangedman_vaults_trim,
          nicolae_vaults_little_squares_2, nicolae_vaults_ninety_degrees,
          v_misc_18, hangedman_vaults_snaps, nicolae_vaults_back_hallway,
          nicolae_vaults_circle_grid_a, v_misc_8, v_misc_22,
          ontoclasm_vaults_decontamination, layout_vaults_maze
Vaults:4: hangedman_vaults_trim, nicolae_vaults_circle_grid_b,
          hangedman_vaults_stitches, grunt_vaults_funnel,
          ontoclasm_vaults_misaligned, v_misc_23, serial_ice_g,
          nicolae_vaults_angled_halls, nicolae_vaults_angled_halls,
          vaults_room_guarded_vault, nicolae_vaults_rhombus_5,
          layout_vaults_omnigrid, enter_trove_6
Vaults:5
Crypt:1:  layout_gridlike, special_room [special_room_morgue],
          grunt_crypt_arrival_guarded_gate
Crypt:2:  layout_misc_corridors
Crypt:3:  lightli_unholy_cathedral, layout_chaotic_city,
          nicolae_tomb_entry_rubble_hallway
Depths:1: hangedman_arch_fort, layout_cave_pools, hell_entry,
          fedhas_altar_fruit_tree, minmay_tree_intersection,
          nicolae_ru_the_path_less_chosen, uniq_enchantress
Depths:2: regret_index_dithmenos_brocken_genspenst, layout_cave_shapes,
          nicolae_uskayaw_suspiria, abyss_entry_glasseish,
          rand_demon_pan_entry_5, hell_entry, infiniplex_staircase_pillars_1,
          uniq_saint_roka
Depths:3: kennysheep_funnel, layout_twisted_cross, grunt_mini_vestibule,
          minmay_misc_feat_ornament, pan_entry, abyss_entry,
          nzn_wu_jian_contemplation, minmay_staircase_statues, uniq_sojobo,
          uniq_frederick
Depths:4: grunt_zot_entry_alcove, layout_gridlike, enter_ziggurat_d, hell_entry,
          minmay_shoptagon, kennysheep_random_hallway
Hell
Zot:1:    grunt_zot_stairs_mandelzot, layout_misc_corridors
Zot:2:    layout_misc_corridors, lemuel_elevator, uniq_tiamat

Skill      XL: |  1  2  3  4  5  6  7  8  9 10 11 12 13 14 15 16 17 18 19 20 21 22 23 24 25 |
---------------+----------------------------------------------------------------------------+-----
Maces & Flails | 3 4 5 7 9 10 12 14 15 16 | 16.0
Fighting       | 4 5 7 8 9 10 11 14 18 19 20 21 22 26 27 | 27.0
Armour         | 4 5 7 8 9 10 11 14 15 16 17 18 19 20 22 | 22.6
Shields        | 4 5 7 10 11 15 17 19 | 19.9
Throwing       | 1 2 3 4 5 6 7 10 12 13 15 16 | 16.0
Invocations    | 3 5 7 10 11 12 13 15 16 19 22 24 25 | 25.9
Dodging        | 5 6 10 12 15 16 17 | 17.6

Action                   |  1- 3 |  4- 6 |  7- 9 | 10-12 | 13-15 | 16-18 | 19-21 | 22-24 | 25-27 || total
-------------------------+-------+-------+-------+-------+-------+-------+-------+-------+-------++-------
Melee: Flail             |    54 |   118 |   254 |   496 |  1529 |    72 |   148 |   197 |       ||  2868
       Headbutt          |     8 |    20 |    57 |   150 |   586 |   524 |   502 |   609 |   226 ||  2682
       Eveningstar       |       |       |       |       |    20 |  1488 |  1232 |   436 |   239 ||  3415
       Mace              |       |       |       |       |       |       |       |   756 |     5 ||   761
       Sacred scourge    |       |       |       |       |       |       |       |   263 |   334 ||   597
Throw: Dart              |       |     2 |    16 |    57 |   113 |    56 |     4 |       |       ||   248
       Boomerang         |       |       |       |    17 |     2 |   126 |    71 |   175 |    42 ||   433
       Javelin           |       |       |       |       |    10 |    18 |     8 |    33 |       ||    69
Invok: Divine Shield     |       |       |       |    10 |    17 |    21 |    27 |    29 |     9 ||   113
       Cleansing Flame   |       |       |       |       |     1 |     3 |     6 |     7 |     3 ||    20
       Summon Divine War |       |       |       |       |       |     1 |     3 |     3 |     2 ||     9
       Brand Weapon With |       |       |       |       |       |       |       |     1 |       ||     1
  Use: Scroll            |       |       |     6 |     5 |    11 |     9 |     9 |    11 |    10 ||    61
       Potion            |       |       |       |       |     1 |     5 |    10 |     4 |       ||    20
Armor: Scale mail        |    30 |     5 |       |       |       |       |       |       |       ||    35
       Plate armour      |       |    82 |   193 |   326 |  1044 |   848 |   575 |   759 |   147 ||  3974
       Chain mail        |       |       |       |       |       |   233 |       |       |       ||   233
       Gold dragon scale |       |       |       |       |       |       |       |       |   122 ||   122
Dodge: Dodged            |    17 |    32 |    56 |   119 |   315 |   594 |   371 |   493 |   216 ||  2213
Block: Buckler           |     7 |    24 |    59 |    94 |       |       |       |       |       ||   184
       Kite shield       |       |       |       |   136 |  1042 |  1455 |  1317 |  1630 |   559 ||  6139
       Reflection        |       |       |       |       |       |       |    26 |    82 |     4 ||   112
